 Dungeon Crawl Stone Soup version 0.31-a0-435-g2c6fae2916 (webtiles) character file.

Game seed: 9289942425015850731

490 BritishOli the Trooper (level 6, -5/49 HPs)
             Began as a Demonspawn Fighter on Aug 1, 2023.
             Was an Initiate of Makhleb.
             Slain by Edmund
             ... wielding a +4 dire flail of holy wrath
              (7 damage)
             ... on level 5 of the Dungeon.
             The game lasted 00:04:02 (3676 turns).

BritishOli the Trooper (Demonspawn Fighter)         Turns: 3676, Time: 00:04:03

Health: -5/49      AC:  7    Str: 18    XL:     6   Next: 90%
Magic:  0/6        EV:  9    Int: 12    God:    Makhleb [......]
Gold:   308        SH:  5    Dex: 13    Spells: 5/5 levels left

rFire   . . .        m - +4 hammer "Roxu" {heavy, Int+3}
rCold   . . .        c - +0 buckler
rNeg    . . .        b - +0 scale mail
rPois   .            (helmet restricted)
rElec   .            (no cloak)
rCorr   .            (no gloves)
SInv    .            (no boots)
Will    .....        n - amulet of guardian spirit
Stlth   +            (no ring)
HPRegen 0.28/turn    (no ring)
MPRegen 0.10/turn

%: guardian spirit
@: no status effects
A: horns 2, spiny 1
a: Renounce Religion


You were on level 5 of the Dungeon.
You worshipped Makhleb.
Makhleb was noncommittal.
You visited 1 branch of the dungeon, and saw 5 of its levels.

You collected 308 gold pieces.

Inventory:

Hand Weapons
 a - a +0 war axe
 k - a +3 hammer of draining
 m - the +4 hammer "Roxu" (weapon) {heavy, Int+3}
   (You found it on level 2 of the Dungeon)

   Int:       It affects your intelligence (+3).
Armour
 b - a +0 scale mail (worn)
 c - a +0 buckler (worn)
 l - a +0 cloak
Jewellery
 n - an amulet of guardian spirit (around neck)
 u - a ring of flight
Scrolls
 p - 2 scrolls of amnesia
 t - a scroll of identify {unknown}
Potions
 d - 3 potions of might
 e - 2 potions of heal wounds {unknown}
 f - 2 potions of brilliance {unknown}
 h - a potion of haste {unknown}
 j - a potion of lignification {unknown}
 o - a potion of curing {unknown}
 r - 2 potions of enlightenment {unknown}
 v - a potion of mutation {unknown}
 w - a potion of magic {unknown}
 x - a potion of invisibility {unknown}


   Skills:
 + Level 4.4 Fighting
 + Level 3.3 Axes
 - Level 0.3(2.0) Maces & Flails
 + Level 4.1 Armour
 + Level 2.3 Stealth
 + Level 4.1 Shields


You had 5 spell levels left.
You didn't know any spells.
Your spell library contained the following spells:

 Spells                   Type           Power      Damage    Failure   Level
 Portal Projectile        Hex/Tloc       0%         N/A       98%         3
 Tukima's Dance           Hex            0%         N/A       98%         3
 Iskenderun's Mystic Bla  Conj/Tloc      0%         2d3       100%        4


Dungeon Overview and Level Annotations

Branches:
Dungeon (5/15)
 Temple: D:4-7

Altars:
Makhleb
Nemelex Xobeh

Shops:
D:5 *

Annotations:
D:5 Edmund


Innate Abilities, Weirdness & Mutations

You have a pair of horns on your head.
You are partially covered in sharp spines.


Message History

Edmund is nearby!
You are too injured to fight recklessly!
You barely miss Edmund. Your headbutt misses Edmund.
Edmund hits you with a +4 dire flail of holy wrath.
* * * LOW HITPOINT WARNING * * *
You convulse!
* * * LOW HITPOINT WARNING * * *
Edmund hits you but does no damage.
The air fills with toxic fumes!
As you read the scroll labelled KETAME BONAMIC, it crumbles to dust.
It was a scroll of poison.
Edmund is struck by your spines. Edmund closely misses you.
What are your orders? t - Shout!
Orders for allies: a - Attack new target. r - Retreat! s - Stop attacking. g - Guard the area. f - Follow me.
Anything else - Cancel.
Okay, then.
As you read the scroll labelled JAKORUCH NUCYT, it crumbles to dust.
It is a scroll of amnesia.
You feel forgetful for a moment. Edmund is struck by your spines.
Edmund barely misses you.
As you read the scroll labelled IKEXEDDUEXT, it crumbles to dust.
It is a scroll of enchant weapon.
Your +2 hammer of draining glows red for a moment.
Edmund barely misses you.
Okay, then.
As you read the scroll labelled FIOSMO BACU, it crumbles to dust.
Your body is wracked with pain!
* * * LOW HITPOINT WARNING * * *
Edmund convulses!
It was a scroll of torment.
Edmund hits you with a +4 dire flail of holy wrath.
* * * LOW HITPOINT WARNING * * *
You convulse.
* * * LOW HITPOINT WARNING * * *
As you read the scroll labelled HARAYD DEPACLO, it dissolves into smoke.
It was a scroll of fog.
Edmund hits you with a +4 dire flail of holy wrath!
You die...

#.# #§# #.# #§# ##'##
##§#### ##...## §§. §#
##.....## # #§##§##
##.......#
####§###§#§§§####.........
..§§§§§§§§§§§§§§+.........
#.#@§§§# #.........
#§@§#§## ##.......#
#.###§##.# ##.....##
#...§§...# ##...##
#####§#### ##'## #§# #.#
#§# #.# #§# ##.## #.#
#######...###


You could see Edmund.

Vanquished Creatures
  Menkaure (D:4)
  A scorpion (D:4)
  A howler monkey (D:5)
  An orc priest (D:4)
  Crazy Yiuf (D:2)
  An iguana (D:4)
  An orc wizard (D:4)
  Natasha (twice) (D:2)
  3 adders
  An ufetubus (D:4)
  A worm (D:3)
  2 dart slugs (D:1)
  3 orcs
  4 ball pythons
  9 endoplasms
  A giant cockroach (D:1)
  5 goblins
  8 hobgoblins
  10 jackals
  6 kobolds
  4 quokkas
  6 bats
  2 frilled lizards
  3 rats
77 creatures vanquished.

Notes
Turn   | Place    | Note
-------+----------+-------------------------------------------
     0 | D:1      | BritishOli the Demonspawn Fighter began the quest for the
                  | Orb.
     0 | D:1      | Reached XP level 1. HP: 18/18 MP: 1/1
   151 | D:1      | Gained mutation: You have a pair of small horns on your
                  | head. [demonic ancestry]
   151 | D:1      | Reached XP level 2. HP: 16/24 MP: 2/2
   524 | D:1      | Reached XP level 3. HP: 22/29 MP: 3/3
   685 | D:1      | Found a faded altar of an unknown god.
  1098 | D:2      | Noticed Natasha
  1108 | D:2      | Killed Natasha
  1221 | D:2      | Gained mutation: You have a pair of horns on your head.
                  | [demonic ancestry]
  1221 | D:2      | Reached XP level 4. HP: 35/35 MP: 4/4
  1679 | D:2      | Found a runed translucent door.
  1680 | D:2      | Noticed Crazy Yiuf
  1690 | D:2      | Killed Crazy Yiuf
  1697 | D:2      | Identified the +4 hammer "Roxu" {heavy, Int+3}
  1810 | D:2      | Noticed Natasha
  1814 | D:2      | Killed Natasha
  1898 | D:3      | Reached XP level 5. HP: 42/42 MP: 5/5
  1996 | D:3      | Reached skill level 1 in Stealth
  2771 | D:4      | Noticed Menkaure
  2776 | D:4      | Killed Menkaure
  2777 | D:4      | Gained mutation: You are partially covered in sharp spines.
                  | [demonic ancestry]
  2777 | D:4      | Reached XP level 6. HP: 28/48 MP: 3/6
  2906 | D:4      | Found a burning altar of Makhleb.
  3092 | D:4      | Became a worshipper of Makhleb the Destroyer
  3103 | D:4      | Found a sparkling altar of Nemelex Xobeh.
  3353 | D:5      | Entered Level 5 of the Dungeon
  3459 | D:5      | Found Pethec's Neck Hole.
  3665 | D:5      | Noticed Edmund
  3675 | D:5      | HP: 2/49 [Edmund/+4 dire flail of holy wrath (2)]
  3676 | D:5      | Slain by Edmund

Illustrated notes

Levels and vault maps discovered:
D:1:      saegor_arrival_fortress, layout_basic,
          shapermc_ecumenical_altar_mp_vishouse
D:2:      layout_basic, minmay_hedge_maze, uniq_natasha, uniq_crazy_yiuf_cottage
D:3:      layout_basic, kennysheep_nub, minmay_fractal_squares_diagonal_5
D:4:      layout_basic, mainiacjoe_overflow_swirl, uniq_menkaure
D:5:      layout_loops_corners, kennysheep_little_box,
          nicolae_shop_sticking_my_neck_out, uniq_pikel, uniq_edmund

Skill      XL: |  1  2  3  4  5  6 |
---------------+-------------------+-----
Axes           | 2 3 |  3.3
Shields        | 3 4 |  4.1
Armour         | 3 4 |  4.1
Stealth        | 1 2 |  2.3
Fighting       | 4 |  4.4
Maces & Flails | |  0.3

Action                     |  1- 3 |  4- 6 || total
---------------------------+-------+-------++-------
  Melee: War axe           |   112 |    15 ||   127
         Headbutt          |     8 |     9 ||    17
         Mace              |       |    81 ||    81
    Use: Scroll            |       |     5 ||     5
 Armour: Scale mail        |    55 |    64 ||   119
  Dodge: Dodged            |    52 |    66 ||   118
  Block: Buckler           |    33 |    38 ||    71

Table legend: (Time is in decaauts)
 A = Elapsed time spent in this place.
 B = Non-inter-level travel time spent in this place.
 C = Inter-level travel time spent in this place.
 D = Time resting spent in this place.
 E = Time spent auto-exploring this place.
 F = Levels seen in this place.
 G = Mean time per level.
                   A        B        C        D        E       F      G
               +--------+--------+--------+--------+--------+-----+--------+
         Total |   3815 |   3671 |    144 |    105 |   2978 |   5 |  763.0 |
       Dungeon |   3815 |   3671 |    144 |    105 |   2978 |   5 |  763.0 |
               +--------+--------+--------+--------+--------+-----+--------+

Top non-repeatable levels by time:
     D:2: 1029 daAuts
     D:4: 964 daAuts
     D:1: 875 daAuts
     D:3: 618 daAuts
     D:5: 326 daAuts
